SL
PHOENIX HOTSPUR @ ATHLETIC CLUB KC
08/31/2034
 
TOP OF THE 1ST
Phoenix Hotspur batting - Pitching for Athletic Club KC : RHP Raúl Luna
Pitching: RHP Raúl Luna
Batting: RHB Lopahin Davletyarov 0-0: Ball
1-0: Foul Ball, location: 2F
1-1: Foul Ball, location: 2F
1-2: Strikes out swinging
Batting: RHB Kyle Bywaters 0-0: Swinging Strike
0-1: Foul Ball, location: 2F
0-2: Strikes out swinging
Batting: LHB Tadayoshi Watanabe 0-0: Called Strike
0-1: Swinging Strike
0-2: Strikes out looking
Top of the 1st over - 0 runs, 0 hits, 0 errors, 0 left on base; Phoenix 0 - Athletic Club KC 0
BOTTOM OF THE 1ST
Athletic Club KC batting - Pitching for Phoenix Hotspur : LHP Alejandro Guerra
Pitching: LHP Alejandro Guerra
Batting: RHB Colin Bottone 0-0: Ball
1-0: Ground out 4-3 (Groundball, 4)
Batting: SHB Akihiko Fujii 0-0: Ball
1-0: Ball
2-0: Ball
3-0: Called Strike
3-1: Called Strike
3-2: Ground out 6-3 (Groundball, 6)
Batting: RHB Jesús Vargas 0-0: Ball
1-0: Called Strike
1-1: Fly out, F8 (Line Drive, 8RD)
Bottom of the 1st over - 0 runs, 0 hits, 0 errors, 0 left on base; Phoenix 0 - Athletic Club KC 0
TOP OF THE 2ND
Phoenix Hotspur batting - Pitching for Athletic Club KC : RHP Raúl Luna
Batting: LHB Harumi Takaki 0-0: Called Strike
0-1: Ball
1-1: Ball
2-1: SINGLE (Groundball, 3D)
Batting: RHB Gabriel Pérez 0-0: Called Strike
0-1: Ball
1-1: Swinging Strike
1-2: Strikes out looking
Batting: RHB Martín Talia 0-0: Ball
1-0: Called Strike
1-1: Called Strike
1-2: Strikes out swinging
Batting: LHB Francisco García 0-0: SINGLE (Groundball, 34D)
Harumi Takaki to second
Runner from 2nd tries for 3rd, SAFE, no throw
Pinch Runner at 3rd Pierre Bernard:
Batting: RHB Julián De Paz 0-0: Fielders Choice at 2nd, 5-4 (Groundball, 5L)
Top of the 2nd over - 0 runs, 2 hits, 0 errors, 2 left on base; Phoenix 0 - Athletic Club KC 0
BOTTOM OF THE 2ND
Athletic Club KC batting - Pitching for Phoenix Hotspur : LHP Alejandro Guerra
Batting: SHB Pedro Vázquez 0-0: SINGLE (Groundball, 6MD)
Batting: LHB Wu-shun Chu 0-0: Ball
1-0: Grounds out, U3 (Groundball, 3L)
Batting: LHB Pablo Hernández 0-0: Called Strike
0-1: Ball
1-1: Ball
2-1: Ball
3-1: Called Strike
3-2: Ground out 4-3 (Groundball, 4)
Pedro Vázquez to third
Batting: RHB Khal Drogo 0-0: Called Strike
0-1: Foul Ball, location: 2F
0-2: Fly out, F8 (Flyball, 78D)
Bottom of the 2nd over - 0 runs, 1 hit, 0 errors, 1 left on base; Phoenix 0 - Athletic Club KC 0
TOP OF THE 3RD
Phoenix Hotspur batting - Pitching for Athletic Club KC : RHP Raúl Luna
Batting: RHB George Robinson 0-0: Called Strike
0-1: Ball
1-1: Called Strike
1-2: Strikes out swinging
Batting: RHB Lopahin Davletyarov 0-0: Ball
1-0: Called Strike
1-1: Called Strike
1-2: Foul Ball, location: 2F
1-2: Strikes out swinging
Batting: RHB Kyle Bywaters 0-0: Swinging Strike
0-1: Ball
1-1: Foul Ball, location: 2F
1-2: Strikes out swinging
Top of the 3rd over - 0 runs, 0 hits, 0 errors, 0 left on base; Phoenix 0 - Athletic Club KC 0
BOTTOM OF THE 3RD
Athletic Club KC batting - Pitching for Phoenix Hotspur : LHP Alejandro Guerra
Batting: RHB Roger Caffyn 0-0: Swinging Strike
0-1: Bunt - Flyout! F1
Batting: LHB Onye Mahusay 0-0: Ball
1-0: Called Strike
1-1: Called Strike
1-2: Foul Ball, location: 2F
1-2: Strikes out swinging
Batting: RHB Colin Bottone 0-0: Called Strike
0-1: Fly out, F9 (Flyball, 9D)
Bottom of the 3rd over - 0 runs, 0 hits, 0 errors, 0 left on base; Phoenix 0 - Athletic Club KC 0
TOP OF THE 4TH
Phoenix Hotspur batting - Pitching for Athletic Club KC : RHP Raúl Luna
Batting: LHB Tadayoshi Watanabe 0-0: Hit by Pitch
Batting: RHB Pierre Bernard 0-0: Called Strike
0-1: Foul Ball, location: 2F
0-2: Ball
1-2: Ball
2-2: Strikes out looking
Batting: RHB Gabriel Pérez 0-0: Ball
1-0: Foul Ball, location: 2F
1-1: Ball
2-1: Called Strike
2-2: Ball
3-2: Strikes out swinging
Batting: RHB Martín Talia 0-0: Called Strike
0-1: Swinging Strike
0-2: Strikes out swinging
Top of the 4th over - 0 runs, 0 hits, 0 errors, 1 left on base; Phoenix 0 - Athletic Club KC 0
BOTTOM OF THE 4TH
Athletic Club KC batting - Pitching for Phoenix Hotspur : LHP Alejandro Guerra
Batting: SHB Akihiko Fujii 0-0: Ball
1-0: Called Strike
1-1: DOUBLE (Line Drive, 89XD)
Batting: RHB Jesús Vargas 0-0: Ball
1-0: Ball
2-0: Fly out, F7 (Flyball, 78D)
Batting: SHB Pedro Vázquez 0-0: Ball
1-0: SINGLE (Groundball, 4MD)
Akihiko Fujii to third
Runner from 3rd tries for Home, SAFE, no throw
Batting: LHB Wu-shun Chu 0-0: Ball
1-0: Ball
2-0: SINGLE (Line Drive, 89S)
Pedro Vázquez to second
Batting: LHB Pablo Hernández 0-0: Called Strike
Pedro Vázquez is caught stealing 3rd base
0-1: Swinging Strike
0-2: Foul Ball, location: 2F
0-2: 2-RUN HOME RUN (Flyball, 9D), Distance : 396 ft
Batting: RHB Khal Drogo 0-0: Fly out, F9 (Flyball, 9D)
Bottom of the 4th over - 3 runs, 4 hits, 0 errors, 0 left on base; Phoenix 0 - Athletic Club KC 3
TOP OF THE 5TH
Phoenix Hotspur batting - Pitching for Athletic Club KC : RHP Raúl Luna
Batting: LHB Francisco García 0-0: Called Strike
0-1: Swinging Strike
0-2: Ball
1-2: Ball
2-2: Ground out 5-3 (Groundball, 5S)
Batting: RHB Julián De Paz 0-0: Hit by Pitch
Pinch Runner at 1st Enrico Sánchez:
Batting: RHB George Robinson 0-0: Swinging Strike
0-1: Called Strike
0-2: Strikes out swinging
Batting: RHB Lopahin Davletyarov 0-0: Called Strike
0-1: Called Strike
0-2: Ground out 4-3 (Groundball, 4S)
Top of the 5th over - 0 runs, 0 hits, 0 errors, 1 left on base; Phoenix 0 - Athletic Club KC 3
BOTTOM OF THE 5TH
Athletic Club KC batting - Pitching for Phoenix Hotspur : LHP Alejandro Guerra
Now at 3B: Enrico Sánchez
Batting: RHB Roger Caffyn 0-0: Ball
1-0: Called Strike
1-1: Ball
2-1: Called Strike
2-2: Strikes out swinging
Batting: LHB Onye Mahusay 0-0: Ball
1-0: Foul Ball, location: 2F
1-1: Swinging Strike
1-2: Ball
2-2: Foul Ball, location: 2F
2-2: Ball
3-2: Fly out, F4 (Line Drive, 4)
Batting: RHB Colin Bottone 0-0: Ball
1-0: Ball
2-0: Called Strike
2-1: Foul Ball, location: 2F
2-2: Ball
3-2: Base on Balls
Batting: SHB Akihiko Fujii 0-0: Ball
1-0: Called Strike
1-1: Ball
2-1: Foul Ball, location: 2F
2-2: Foul Ball, location: 2F
2-2: Ball
3-2: Foul Ball, location: 2F
3-2: Base on Balls
Colin Bottone to second
Batting: RHB Jesús Vargas 0-0: Ball
1-0: Fly out, F6 (Line Drive, 6)
Bottom of the 5th over - 0 runs, 0 hits, 0 errors, 2 left on base; Phoenix 0 - Athletic Club KC 3
TOP OF THE 6TH
Phoenix Hotspur batting - Pitching for Athletic Club KC : RHP Raúl Luna
Batting: RHB Kyle Bywaters 0-0: Called Strike
0-1: Ground out 6-3 (Groundball, 56D)
Batting: LHB Tadayoshi Watanabe 0-0: Foul Ball, location: 2F
0-1: Ball
1-1: Swinging Strike
1-2: Ball
2-2: Fly out, F8 (Flyball, 8LS)
Batting: RHB Pierre Bernard 0-0: Ball
1-0: Foul Ball, location: 2F
1-1: Swinging Strike
1-2: Strikes out swinging, 2-3 out at first.
Top of the 6th over - 0 runs, 0 hits, 0 errors, 0 left on base; Phoenix 0 - Athletic Club KC 3
BOTTOM OF THE 6TH
Athletic Club KC batting - Pitching for Phoenix Hotspur : LHP Alejandro Guerra
Batting: SHB Pedro Vázquez 0-0: SINGLE (Groundball, 4D)
Batting: LHB Wu-shun Chu 0-0: Ball
1-0: Ball
2-0: Called Strike
2-1: Ball
3-1: Foul Ball, location: 2F
3-2: Foul Ball, location: 2F
3-2: Base on Balls
Pedro Vázquez to second
Batting: LHB Pablo Hernández 0-0: Ball
1-0: Called Strike
1-1: Ball
Wild Pitch!
Pedro Vázquez to third
Wu-shun Chu to second
2-1: Ball
3-1: Base on Balls
Batting: RHB Khal Drogo 0-0: Ball
1-0: Swinging Strike
1-1: Fielders Choice at 2nd, 6-4 (Groundball, 6)
Pedro Vázquez scores
Wu-shun Chu to third
Batting: RHB Roger Caffyn 0-0: Called Strike
0-1: Ball
1-1: Foul Ball, location: 2F
1-2: Ball
2-2: Ball
3-2: SINGLE (Line Drive, 78S)
Wu-shun Chu scores
Khal Drogo to second
Batting: LHB Onye Mahusay 0-0: Ball
Khal Drogo steals 3rd base
Roger Caffyn to second
1-0: Ground out U3 (Groundball, 3)
Batting: RHB Colin Bottone 0-0: Ball
1-0: Ball
2-0: Swinging Strike
2-1: Swinging Strike
2-2: Strikes out swinging
Bottom of the 6th over - 2 runs, 2 hits, 0 errors, 2 left on base; Phoenix 0 - Athletic Club KC 5
TOP OF THE 7TH
Phoenix Hotspur batting - Pitching for Athletic Club KC : RHP Raúl Luna
Now in LF: Ramón Morterero
Batting: RHB Gabriel Pérez 0-0: Ball
1-0: Called Strike
1-1: Ball
2-1: Ground out 5-3 (Groundball, 56)
Batting: RHB Martín Talia 0-0: Ball
1-0: Foul Ball, location: 2F
1-1: Called Strike
1-2: Foul Ball, location: 2F
1-2: Strikes out looking
Batting: LHB Francisco García 0-0: Ball
1-0: Foul Ball, location: 2F
1-1: Called Strike
1-2: Ball
2-2: Strikes out swinging
Top of the 7th over - 0 runs, 0 hits, 0 errors, 0 left on base; Phoenix 0 - Athletic Club KC 5
BOTTOM OF THE 7TH
Athletic Club KC batting - Pitching for Phoenix Hotspur : LHP Alejandro Guerra
Pitching: LHP Ricardo Sánchez
Batting: SHB Akihiko Fujii 0-0: Swinging Strike
0-1: Foul Ball, location: 2F
0-2: Ground out 5-3 (Groundball, 56)
Batting: RHB Jesús Vargas 0-0: Ball
1-0: Ball
2-0: Foul Ball, location: 2F
2-1: Ball
3-1: Foul Ball, location: 2F
3-2: Base on Balls
Batting: SHB Pedro Vázquez 0-0: Fly out, F3 (Popup, 23F)
Batting: LHB Wu-shun Chu 0-0: Called Strike
0-1: Ground out 4-3 (Groundball, 4)
Bottom of the 7th over - 0 runs, 0 hits, 0 errors, 1 left on base; Phoenix 0 - Athletic Club KC 5
TOP OF THE 8TH
Phoenix Hotspur batting - Pitching for Athletic Club KC : RHP Raúl Luna
Batting: RHB Enrico Sánchez 0-0: Ball
1-0: Called Strike
1-1: Ball
2-1: Fly out, F8 (Flyball, 8LXD)
Batting: RHB George Robinson 0-0: Called Strike
0-1: Ball
1-1: Ball
2-1: Ground out 6-3 (Groundball, 6)
Batting: RHB Lopahin Davletyarov 0-0: Ball
1-0: Ball
2-0: Foul Ball, location: 2F
2-1: Called Strike
2-2: Ball
3-2: Base on Balls
Batting: RHB Kyle Bywaters 0-0: Ball
1-0: Hit by Pitch
Lopahin Davletyarov to second
Batting: LHB Tadayoshi Watanabe 0-0: Fly out, F5 (Popup, 5F)
Top of the 8th over - 0 runs, 0 hits, 0 errors, 2 left on base; Phoenix 0 - Athletic Club KC 5
BOTTOM OF THE 8TH
Athletic Club KC batting - Pitching for Phoenix Hotspur : LHP Ricardo Sánchez
Batting: LHB Ramón Morterero 0-0: Ball
1-0: Ball
2-0: Ball
3-0: Called Strike
3-1: Base on Balls
Batting: RHB Khal Drogo 0-0: Called Strike
0-1: Ball
1-1: Ball
2-1: Foul Ball, location: 2F
2-2: Ball
3-2: Strikes out swinging
Batting: RHB Roger Caffyn 0-0: Ball
Ramón Morterero steals 2nd base
1-0: Ball
2-0: Ground out 4-3 (Groundball, 4)
Ramón Morterero to third
Batting: LHB Onye Mahusay 0-0: Called Strike
0-1: Ball
1-1: Foul Ball, location: 2F
1-2: Fly out, F3 (Line Drive, 3L)
Bottom of the 8th over - 0 runs, 0 hits, 0 errors, 1 left on base; Phoenix 0 - Athletic Club KC 5
TOP OF THE 9TH
Phoenix Hotspur batting - Pitching for Athletic Club KC : RHP Raúl Luna
Batting: RHB Pierre Bernard 0-0: Ball
1-0: Ball
2-0: Called Strike
2-1: Foul Ball, location: 2F
2-2: Ball
3-2: Base on Balls
Pitching: RHP León Marinero
Batting: RHB Gabriel Pérez 0-0: Called Strike
0-1: Ball
1-1: Ball
2-1: Fly out, F8 (Line Drive, 8LM)
Batting: RHB Martín Talia 0-0: Ball
1-0: Called Strike
1-1: Ball
2-1: 2-RUN HOME RUN (Flyball, 7D), Distance : 383 ft
Pitching: RHP Felipe Aiba
Batting: LHB Francisco García 0-0: Ball
1-0: Ball
2-0: SINGLE (Groundball, 6MD)
Batting: RHB Enrico Sánchez 0-0: Foul Ball, location: 2F
0-1: SINGLE (Groundball, 6MD)
Francisco García to second
Pinch Hitting: RHB Dale Everest 0-0: SINGLE (Flyball, 78S)
Francisco García to third
Enrico Sánchez to second
Batting: RHB Lopahin Davletyarov 0-0: Swinging Strike
0-1: Swinging Strike
0-2: Fly out, F7 (Flyball, 78M)
Runner from 3rd tags up, SCORES, no throw
Batting: RHB Kyle Bywaters 0-0: Foul Ball, location: 2F
0-1: Ball
1-1: Ball
2-1: Foul Ball, location: 2F
2-2: Ball
3-2: Ground out 4-3 (Groundball, 4)
Top of the 9th over - 3 runs, 4 hits, 0 errors, 2 left on base; Phoenix 3 - Athletic Club KC 5
Friday, March 29th, 2019 - OOTP Baseball 18.8 Build 76